 Dungeon Crawl Stone Soup version 0.19-b1-3-g7dea586 (webtiles) character file.

420 tv1990 the Chopper (level 7, -5/52 HPs)
             Began as a Formicid Monk on Oct 28, 2016.
             Slain by an ogre
             ... wielding a +0 giant club
              (13 damage)
             ... on level 4 of the Dungeon.
             The game lasted 00:09:52 (2863 turns).

tv1990 the Chopper (Formicid Monk)                  Turns: 2863, Time: 00:09:52

Health: -5/52      AC:  8    Str: 15    XL:     7   Next: 16%
Magic:  7/7        EV:  7    Int: 10    God:
Gold:   159        SH:  0    Dex: 15    Spells: 0 memorised, 6 levels left

rFire  . . .     SeeInvis +     a - +1 hand axe
rCold  . . .     Gourm    .     g - +0 chain mail
rNeg   . . .     Faith    .     (no shield)
rPois  .         Spirit   .     (helmet unavailable)
rElec  .         Reflect  .     (no cloak)
rCorr  .         Harm     .     (no gloves)
MR     .....                    (no boots)
Stlth  ..........               (no amulet)
                                (no ring)
                                (no ring)

@: no status effects
A: permanent stasis, dig shafts and tunnels, four strong arms, antennae 3
a: Dig, Shaft Self


You were on level 4 of the Dungeon.
You were not hungry.

You visited 2 branches of the dungeon, and saw 5 of its levels.

You collected 159 gold pieces.

Inventory:

Hand Weapons
 a - a +1 hand axe (weapon)
Armour
 b - a +0 robe
 e - a +0 ring mail
 g - a +0 chain mail (worn)
Scrolls
 d - 4 scrolls of enchant weapon
 f - 3 scrolls of immolation
 n - a scroll of identify {unknown}
 s - a scroll of enchant armour {unknown}
Potions
 i - a potion of cancellation {unknown}
 k - a potion of ambrosia {unknown}
 m - 2 potions of brilliance {unknown}
 o - a potion of berserk rage {unknown}
 p - a potion of curing {unknown}
 q - a potion of cure mutation {unknown}
 r - a potion of invisibility {unknown}
 t - a potion of mutation {unknown}
 u - 2 potions of degeneration {unknown}
Comestibles
 c - 4 bread rations
 h - 2 beef jerkies
 j - 2 meat rations


   Skills:
 - Level 3.2 Fighting
 + Level 7.6 Axes
 - Level 2.6 Dodging
 - Level 2.4 Stealth


You had 6 spell levels left.
You didn't know any spells.

Dungeon Overview and Level Annotations

Branches:
Dungeon (4/15)             Temple (1/1) D:4

Altars:
Cheibriados
Elyvilon
Gozag
Hepliaklqana
Kikubaaqudgha
Nemelex Xobeh
Qazlal
Ru
Uskayaw
Vehumet
Xom
The Shining One

Annotations:
D:4 1 runed door


Innate Abilities, Weirdness & Mutations

You are under a permanent stasis effect.
You can dig through walls and to a lower floor.
Your four strong arms can wield two-handed weapons with a shield.
You have a pair of large antennae on your head. (SInv)


Message History

The orc priest mumbles some strange prayers to Beogh against you.
Beogh smites you!
You hit the orc priest.
The orc priest is almost dead.
The orc priest closely misses you.
You hit the orc priest.
You kill the orc priest!
You hit the ogre but do no damage. The ogre hits you with a giant club!
* * * LOW HITPOINT WARNING * * *
You hit the ogre.
The ogre is moderately wounded.
The ogre hits you with a giant club!
* * * LOW HITPOINT WARNING * * *
You hit the ogre.
The ogre is moderately wounded.
Okay, then.
Okay, then.
Are you sure you want to shaft yourself?
You feel somewhat more hungry. The ogre hits you with a giant club!
You die...

...###.#.####.####.#
....####...........###
....#########.######.###..
.....##.<...........oo....
................{{..o.....
..............###{........
...........#####{###..o...
..........## #O## ..O...
....##....# ##@# .....
#######...# ### ..##.
##..# .# #..# ## #..# #..#
##..# ##..## ##..##


You could see an ogre.

Vanquished Creatures
  2 howler monkeys (D:4)
  A hound (D:4)
  2 orc priests
  An orc wizard (D:3)
  Ijyb (D:2)
  11 adders
  An ooze (D:2)
  An adder skeleton (D:4)
  2 leopard geckos
  9 orcs
  5 giant cockroaches
  12 goblins
  9 hobgoblins
  6 jackals
  3 quokkas
  13 bats
  8 frilled lizards
  3 kobolds
  A quokka skeleton (D:4)
  11 rats
102 creatures vanquished.

Notes
Turn   | Place    | Note
-------+----------+-------------------------------------------
     0 | D:1      | tv1990 the Formicid Monk began the quest for the Orb.
     0 | D:1      | Reached XP level 1. HP: 18/18 MP: 1/1
    96 | D:1      | Reached XP level 2. HP: 15/24 MP: 2/2
   465 | D:1      | Reached skill level 4 in Axes
   465 | D:1      | Reached XP level 3. HP: 25/29 MP: 3/3
  1134 | D:2      | Reached XP level 4. HP: 25/35 MP: 4/4
  1168 | D:2      | Reached skill level 5 in Axes
  1231 | D:2      | Noticed Ijyb
  1252 | D:2      | Killed Ijyb
  1252 | D:2      | Reached XP level 5. HP: 28/41 MP: 5/5
  1563 | D:3      | Reached skill level 6 in Axes
  1666 | D:3      | Reached XP level 6. HP: 43/47 MP: 6/6
  2288 | D:4      | Found a staircase to the Ecumenical Temple.
  2298 | Temple   | Entered the Ecumenical Temple
  2447 | D:4      | Found a sacrificial altar of Ru.
  2467 | D:4      | Reached skill level 7 in Axes
  2545 | D:4      | Found an opulent altar of Gozag.
  2552 | D:4      | Reached XP level 7. HP: 49/52 MP: 7/7
  2713 | D:4      | Found a runed door.
  2863 | D:4      | Slain by an ogre

Skill      XL: |  1  2  3  4  5  6 |
---------------+-------------------+-----
Axes           | 4 5 6 7 |  7.6
Fighting       | |  3.2
Dodging        | |  2.6
Stealth        | |  2.4

Action                   |  1- 3 |  4- 6 |  7- 9 || total
-------------------------+-------+-------+-------++-------
Melee: Hand axe          |   107 |   231 |    19 ||   357
 Abil: Dig               |       |       |     1 ||     1
       Shaft Self        |       |       |     1 ||     1
  Use: Scroll            |     2 |     3 |       ||     5
 Stab: Sleeping          |     1 |       |       ||     1
  Eat: Chunk             |     1 |     5 |     1 ||     7
Armor: Robe              |     3 |       |       ||     3
       Chain mail        |    51 |   176 |     4 ||   231
       Ring mail         |     1 |       |       ||     1
Dodge: Dodged            |    64 |   126 |     7 ||   197

Table legend:
 A = Turns spent in this place as a percentage of turns spent in the entire game.
 B = Non-inter-level travel turns spent in this place as a percentage of non-inter-level travel turns spent in the entire game.
 C = Inter-level travel turns spent in this place as a percentage of turns spent in this place.
 D = Turns resting spent in this place as a percentage of non-inter-level travel turns spent in this place.
 E = Turns spent auto-exploring this place as a percentage of non-inter-level travel turns spent in this place.
 F = Non-inter-level travel turns spent in this place divided by the number of levels of this place that you've seen.
                   A       B       C       D       E      F
               +-------+-------+-------+-------+-------+----------------------
         Total | 100.0 | 100.0 |   0.3 |   1.0 |  12.3 | 235.0
       Dungeon |  97.3 |  97.3 |   0.3 |   1.0 |  11.8 | 285.8
        Temple |   2.7 |   2.7 |   0.0 |   0.0 |  28.1 |  32.0
               +-------+-------+-------+-------+-------+----------------------

Table legend:
 A = Kills in this place as a percentage of kills in entire the game.
 B = Kills by you in this place as a percentage of kills by you in the entire game.
 C = Kills by friends in this place as a percentage of kills by friends in the entire game.
 D = Other kills in this place as a percentage of other kills in the entire game.
 E = Experience gained in this place as a percentage of experience gained in the entire game.
 F = Experience gained in this place divided by the number of levels of this place that you have seen.
                   A       B       C       D       E      F
               +-------+-------+-------+-------+-------+----------------------
         Total | 100.0 | 100.0 |  -nan |  -nan | 100.0 | 120.0
       Dungeon | 100.0 | 100.0 |  -nan |  -nan | 100.0 | 150.0
               +-------+-------+-------+-------+-------+----------------------

Vault maps used:
D:1:      matt_arrival_grand_opening
D:2:      uniq_iyjb
D:3:      first_bread, minmay_vboxes
D:4:      nicolae_ru_sacrificial_ziggurat, nicolae_overflow_crystal_walls,
          uniq_crazy_yiuf_cottage
Temple:   eino_wide_crystal_templ
